 Dungeon Crawl Stone Soup version 0.32-a0-666-ge8a88695a4 (webtiles) character file.

Game seed: 13343316757658910784

20075 gimp the Thaumaturge (level 12, -5/105 HPs)
             Began as an Oni Air Elementalist on Mar 9, 2024.
             Was a Priest of Vehumet.
             Slain by a cane toad (17 damage)
             ... on level 9 of the Dungeon.
             The game lasted 00:29:16 (12933 turns).

gimp the Thaumaturge (Oni Air Elementalist)        Turns: 12933, Time: 00:29:16

Health: -5/105     AC:  7    Str: 15    XL:     12   Next: 75%
Magic:  30/30      EV: 12    Int: 20    God:    Vehumet [***...]
Gold:   261        SH:  0    Dex: 15    Spells: 20/39 levels left

rFire   + + .        a - staff of fire
rCold   . . .        (no shield)
rNeg    . . .        K - +0 acid dragon scales
rPois   .            (helmet restricted)
rElec   .            f - scarf {repulsion}
rCorr   +            (gloves unavailable)
SInv    .            (boots unavailable)
Will    ++...        o - amulet "Lyigud" {rF+ Will+ Regen+ RegenMP+ rCorr}
Stlth   +            v - +6 ring of dexterity
HPRegen 1.17/turn    (no ring)
MPRegen 0.62/turn

%: repel missiles
@: lethally poisoned (-5 -> -6)
A: large, unfitting armour, horns 1, tough skin 1, double potion healing,
drunken brawling
a: Renounce Religion


You were on level 9 of the Dungeon.
You worshipped Vehumet.
Vehumet was most pleased with you.
You visited 4 branches of the dungeon, and saw 15 of its levels.
You also visited: Ossuary.

You collected 694 gold pieces.
You spent 433 gold pieces at shops.

Inventory:

Missiles
 r - 7 curare-tipped darts
Armour
 f - a scarf of repulsion (worn)
 H - a +0 kite shield
 J - +0 steam dragon scales
 K - +0 acid dragon scales (worn)
 M - a +0 troll leather armour
Magical Staves
 a - a staff of fire (weapon)
Jewellery
 o - the amulet "Lyigud" (around neck) {rF+ Will+ Regen+ RegenMP+ rCorr}
   (You bought it in a shop on level 1 of the Dungeon)

   [amulet of magic regeneration]

   It increases your rate of magic regeneration.
   rF+:       It protects you from fire.
   Will+:     It increases your willpower.
   Regen+:    It increases your rate of health regeneration.
   rCorr:     It protects you from acid and corrosion.
   RegenMP+:  It increases your rate of magic regeneration.
 p - a ring of ice
 v - a +6 ring of dexterity (left hand)
 x - a ring of see invisible
 N - a ring of willpower
Wands
 u - a wand of polymorph (4)
 y - a wand of roots (12)
 G - a wand of flame (10)
 P - a wand of mindburst (6)
Scrolls
 d - a scroll of revelation
 g - a scroll of vulnerability {unknown}
 i - 3 scrolls of fog
 k - 5 scrolls of teleportation
 l - 3 scrolls of silence {unknown}
 m - a scroll of blinking {unknown}
 n - a scroll of brand weapon
 q - 2 scrolls of amnesia {unknown}
 A - 2 scrolls of noise {unknown}
 B - a scroll of torment
 C - 3 scrolls of enchant weapon {unknown}
 E - a scroll of poison
 F - a scroll of enchant armour
Potions
 b - 2 potions of magic
 c - a potion of resistance
 e - 2 potions of cancellation
 h - 12 potions of curing
 j - 2 potions of might
 s - a potion of attraction
 t - 2 potions of mutation
 w - 4 potions of brilliance
 z - 2 potions of berserk rage
 D - a potion of ambrosia
 I - a potion of haste
 O - 2 potions of lignification


   Skills:
 - Level 3.0 Fighting
 + Level 8.1 Dodging
 - Level 1.4 Stealth
 * Level 14.3 Spellcasting
 + Level 8.3 Conjurations
 - Level 8.0 Air Magic
 + Level 5.6 Alchemy


You had 20 spell levels left.
You knew the following spells:

 Your Spells              Type           Power      Damage    Failure   Level
a - Shock                 Conj/Air       100%       1d9       1%          1
b - Static Discharge      Conj/Air       94%        3-7/arc   1%          2
c - Airstrike             Air            23%        2d(4-20)  1%          4
d - Irradiate             Conj/Alch      21%        3d18      2%          5
e - Mephitic Cloud        Conj/Alch/Air  43%        N/A       1%          3
f - Fulminant Prism       Conj/Alch      21%        3d12      1%          4

Your spell library contained the following spells:

 Spells                   Type           Power      Damage    Failure   Level
 Mercury Vapours          Alch/Air       82%        N/A       1%          2
 Swiftness                Air            46%        N/A       1%          3
 Inner Flame              Hex/Fire       21%        N/A       5%          3
 Freezing Cloud           Conj/Ice/Air   18%        6-21      5%          5
 Slow                     Hex            56%        N/A       6%          1
 Confusing Touch          Hex            14%        N/A       19%         3
 Sigil of Binding         Hex            14%        N/A       19%         3
 Vampiric Draining        Necr           14%        2d7       19%         3
 Ignition                 Fire           10%        3d5       100%        8


Dungeon Overview and Level Annotations

Branches:
Dungeon (12/15)            Temple (1/1) D:7            Lair (1/5) D:9
    Orc (1/2) D:10        Ossuary (visited)

Altars:
Ashenzari
Cheibriados
Dithmenos
Elyvilon
Fedhas
Gozag
Hepliaklqana
Kikubaaqudgha
Makhleb
Nemelex Xobeh
Okawaru
Qazlal
Ru
Sif Muna
Trog
Uskayaw
Vehumet
Wu Jian
Xom
Yredelemnul
Zin
The Shining One

Shops:
D:1 *   D:9 !   D:12 *

Annotations:
D:10 2 runed translucent doors, 3 exclusions
Orc:1 Urug


Innate Abilities, Weirdness & Mutations

You are too large for most types of armour.
You have a pair of small horns on your head.
You have tough skin. (AC +1)
You gain doubled healing and magic from potions.
Whenever you drink a healing potion, you attack all around you.


Message History

The orc warrior appears confused.
The orc hits the orc warrior but does no damage.
The orc hits itself with a +0 hand axe!
The orc is killed!
Vehumet accepts your kill.
The orc knight is engulfed in noxious fumes.
You take 3 damage, and have 102/105 hp.
You now have 11/30 mp.
The orc sorcerer gestures wildly.
The orc wizard is engulfed in noxious fumes.
The orc wizard appears confused.
The orc warrior is engulfed in noxious fumes.
The orc warrior appears confused.
The orc warrior hits the orc with a +0 mace!
The orc is killed!
Vehumet accepts your kill.
You feel your power returning.
The orc knight is engulfed in noxious fumes.
There is a staircase back to the Dungeon here.
You regained 2 mp, and now have 13/30 mp.
HP restored.
The orc warrior is engulfed in noxious fumes.
The orc knight roars a battlecry!
Urug goes into a battle-frenzy!
You climb upwards.
Welcome back to the Dungeon!
Level annotation: 2 runed translucent doors, 3 exclusions
There is a staircase to the Orcish Mines here.
Health restored: 105 Magic restored.
Partly explored, can't reach some places.
MP restored: 30 What level of the Lair of Beasts? (default 1, ? - help)
There is a stone staircase leading up here.
You climb upwards.
There is a stone staircase leading down here.
Things that are here:
a yak skeleton; a yak skeleton You see here a yak skeleton.
You see here a yak skeleton.
There is a staircase to the Lair here.
You climb downwards.
Welcome back to the Lair of Beasts!
The water moccasin hisses angrily.
The bullfrog croaks.
The yak bellows!
The cane toad gives a loud, deep croak!
The komodo dragon hisses angrily.
The bullfrog gives a loud, deep croak!
You hear a howl!
You hear a loud, deep croak!
A wolf comes into view.
The water moccasin bites you.
You are poisoned.
The water moccasin poisons you! The blink frog hits you! x2
The blink frog hits you.
The blink frog blinks!
A wolf comes into view.
A blink frog comes into view.
The water moccasin closely misses you. The blink frog hits you! x2
The cane toad closely misses you. The komodo dragon closely misses you.
The boulder beetle closely misses you.
The water moccasin bites you but does no damage.
A komodo dragon comes into view.
The blink frog blinks!
There is a staircase back to the Dungeon, spattered with blood here.
You take 44 damage, and have 61/105 hp.
MASSIVE DAMAGE!!
Okay, then.
Okay, then.
Okay, then.
Okay, then.
Okay, then.
Unknown command.
You feel very sick. The water moccasin bites you.
The blink frog blinks!
The cane toad stings you but does no damage.
The cane toad stings you! The water moccasin bites you.
The boulder beetle barely misses you. The komodo dragon bites you!!
* * * LOW HITPOINT WARNING * * *
The blink frog hits you but does no damage.
The water moccasin barely misses you. The wolf barely misses you.
The yak bellows!
You climb upwards.
Welcome back to the Dungeon!
You feel very sick.
There is a staircase to the Lair here.
You take 44 damage, and have 17/105 hp.
MASSIVE DAMAGE!!
You take a swig of the potion and twirl your staff of fire.
You hit the water moccasin.
The water moccasin is lightly wounded.
You hit the blink frog.
The blink frog is lightly wounded.
You hit the cane toad. Your headbutt misses the cane toad.
The cane toad is lightly wounded.
You barely miss the water moccasin.
Your headbutt misses the water moccasin.
You hit the boulder beetle but do no damage.
You hit the komodo dragon. Your headbutt misses the komodo dragon.
The komodo dragon is lightly wounded.
You hit the cane toad.
The cane toad is lightly wounded.
You savour every drop.
You feel much better.
You feel sick. The cane toad closely misses you. The cane toad stings you.
The water moccasin barely misses you. The blink frog barely misses you.
The water moccasin bites you. The komodo dragon bites you!!
* * * LOW HITPOINT WARNING * * *
The boulder beetle bites you!
* * * LOW HITPOINT WARNING * * *
The cane toad stings you!
You die...

#.#.......†.......#.#..#..#
#...
.###.......).....###.##.###
#)..
#..##...........##..#..#..#
##...
#..(###...<...###...#..#..#
#.... ###############
########### #..#. #...#
#......# ##.##.
##..###############...####..###
##...÷÷.....lFS............#
##..#########F@########.....##
##..## ##..SFB### #####..#
##..## ##........### ##.##
#..## #...........# #..# ...#
#<..........# ##[.. ..##
#...........# ##...# .##
#...........# ##...## ##
#..........## ###...## .##
#..........# #....##


You could see a boulder beetle, a komodo dragon, 2 cane toads, a blink frog and
2 water moccasins.

Vanquished Creatures
  5 two-headed ogres
  Pikel (D:9)
  An orc knight (D:12)
  2 deep elf pyromancers
  An ugly thing (D:12)
  3 cane toads (D:9)
  A gargoyle (D:8)
  Jeremiah (D:8)
  An unseen horror (D:11)
  4 komodo dragons
  4 trolls
  2 hornets
  A blink frog (D:9)
  A slime creature (D:12)
  A shadow (D:9)
  A wraith (D:9)
  28 yaks
  2 wyverns (D:10)
  3 steam dragons
  3 vampire mosquitoes (D:11)
  2 acid dragons
  5 water moccasins
  2 ice beasts
  2 sky beasts (D:6)
  10 orc warriors
  4 ogres
  3 phantoms
  3 lemures (D:9)
  5 kobold brigands
  4 bullfrogs
  2 scorpions
  4 gnoll sergeants
  2 burial acolytes (Ossuary)
  5 wights
  2 killer bees (D:9)
  2 howler monkeys
  3 bombardier beetles
  5 hounds
  4 jellies
  2 gnoll boudas
  3 orc priests
  2 sleepcaps
  4 iguanas
  7 orc wizards
  10 adders
  40 gnolls
  2 white imps
  4 dart slugs
  45 orcs
  7 ball pythons
  9 endoplasms
  3 giant cockroaches
  2 goblins (D:1)
  7 hobgoblins
  4 jackals (D:2)
  7 quokkas
  3 bats
  2 frilled lizards
  4 hobgoblin skeletons (Ossuary)
  51 kobolds
  A kobold skeleton (Ossuary)
  3 orc skeletons (Ossuary)
  4 rats
361 creatures vanquished.

Vanquished Creatures (others)
  2 fulminant prisms (Orc:1)
2 creatures vanquished.

Grand Total: 363 creatures vanquished

Notes
Turn   | Place    | Note
-------+----------+-------------------------------------------
     0 | D:1      | gimp the Oni Air Elementalist began the quest for the Orb.
     0 | D:1      | Reached XP level 1. HP: 16/16 MP: 3/3
     4 | D:1      | Reached skill level 1 in Conjurations
   135 | D:1      | Reached XP level 2. HP: 24/24 MP: 3/5
   319 | D:1      | Found Amiotuna's Assorted Antiques.
   736 | D:2      | Reached skill level 3 in Spellcasting
   736 | D:2      | Reached XP level 3. HP: 32/32 MP: 3/7
   825 | D:1      | Reached skill level 1 in Fighting
   825 | D:1      | Reached XP level 4. HP: 30/41 MP: 5/9
  1017 | D:2      | Found a snail-covered altar of Cheibriados.
  1528 | D:2      | Reached XP level 5. HP: 41/49 MP: 3/10
  2647 | D:3      | Reached skill level 4 in Spellcasting
  2835 | D:4      | Reached XP level 6. HP: 39/59 MP: 5/12
  2838 | D:4      | Learned a level 2 spell: Static Discharge
  2843 | D:4      | Learned a level 4 spell: Airstrike
  3286 | D:4      | Reached XP level 7. HP: 54/67 MP: 5/14
  3406 | D:4      | Reached skill level 5 in Spellcasting
  3866 | D:1      | Bought a wavering bronze amulet for 125 gold pieces
  3866 | D:1      | Identified the amulet "Lyigud" {rF+ Will+ Regen+ RegenMP+
                  | rCorr} (You bought it in a shop on level 1 of the Dungeon)
  4157 | D:4      | Identified the amulet "Vuconeaj" {Rampage Regen+ rCorr
                  | Dex+2 SInv}
  4711 | D:4      | Reached skill level 5 in Air Magic
  4911 | D:4      | Reached XP level 8. HP: 46/75 MP: 11/16
  4981 | D:4      | Reached skill level 6 in Spellcasting
  5084 | D:5      | Entered Level 5 of the Dungeon
  5094 | D:5      | Noticed a hornet
  5193 | D:5      | Identified the +6 chain mail "Fatihab" {+Inv}
  5327 | D:5      | Reached skill level 7 in Spellcasting
  5409 | D:5      | Killed a hornet
  5482 | D:5      | Found a glowing golden altar of the Shining One.
  5611 | D:5      | Reached XP level 9. HP: 81/81 MP: 16/20
  5923 | D:6      | Reached skill level 8 in Spellcasting
  6740 | D:7      | Found a sand-covered staircase.
  6749 | Ossuary  | Entered an ossuary
  6922 | Ossuary  | Reached skill level 9 in Spellcasting
  7127 | D:7      | Noticed a troll
  7152 | D:6      | Killed a troll
  7426 | D:7      | Found a staircase to the Ecumenical Temple.
  7447 | D:7      | Learned a level 5 spell: Irradiate
  7449 | Temple   | Entered the Ecumenical Temple
  7470 | Temple   | Became a worshipper of Vehumet
  7532 | D:7      | Reached XP level 10. HP: 82/91 MP: 12/23
  7732 | D:7      | Found a glowing silver altar of Zin.
  7732 | D:7      | Found a stormy altar of Qazlal.
  7733 | D:7      | Found a shimmering blue altar of Sif Muna.
  7734 | D:7      | Found a hide-covered altar of Uskayaw.
  7734 | D:7      | Found a bloodstained altar of Trog.
  7734 | D:7      | Found an ancient bone altar of Kikubaaqudgha.
  7736 | D:7      | Found a sparkling altar of Nemelex Xobeh.
  7736 | D:7      | Found a shimmering altar of Xom.
  7736 | D:7      | Found a blossoming altar of Fedhas.
  8053 | D:8      | Noticed Jeremiah
  8059 | D:7      | Reached skill level 5 in Dodging
  8059 | D:7      | Reached skill level 10 in Spellcasting
  8128 | D:8      | Noticed a gargoyle
  8181 | D:8      | Killed Jeremiah
  8182 | D:8      | Reached skill level 5 in Conjurations
  8268 | D:8      | Killed a gargoyle
  8612 | D:8      | Learned a level 3 spell: Mephitic Cloud
  8700 | D:9      | Found a staircase to the Lair.
  8844 | D:9      | Noticed a two-headed ogre
  8862 | D:9      | Reached * piety under Vehumet
  8862 | D:9      | Offered knowledge of Sandblast by Vehumet.
  8870 | D:9      | Killed a two-headed ogre
  8871 | D:9      | Reached skill level 11 in Spellcasting
  8871 | D:9      | Reached skill level 1 in Alchemy
  8917 | D:9      | Noticed a two-headed ogre
  8931 | D:9      | Killed a two-headed ogre
  8932 | D:9      | Reached XP level 11. HP: 97/97 MP: 3/26
  9110 | D:9      | Found Hued's Distillery.
  9172 | D:9      | Bought a potion of haste for 110 gold pieces
  9172 | D:9      | Bought a potion of brilliance for 44 gold pieces
  9172 | D:9      | Bought a potion of curing for 33 gold pieces
  9172 | D:9      | Bought a potion of curing for 33 gold pieces
  9172 | D:9      | Bought a potion of cancellation for 88 gold pieces
  9428 | D:9      | Noticed Pikel
  9441 | D:9      | Killed Pikel
  9442 | D:9      | Reached skill level 12 in Spellcasting
  9867 | D:9      | Identified the +0 leather armour of Rationality {rF+ Str-4
                  | SInv Stlth+}
  9948 | D:9      | Reached ** piety under Vehumet
  9955 | D:9      | Offered knowledge of Momentum Strike by Vehumet.
 10191 | D:10     | Entered Level 10 of the Dungeon
 10331 | D:10     | Found a staircase to the Orcish Mines.
 10331 | D:10     | Noticed a deep elf pyromancer
 10344 | D:10     | Killed a deep elf pyromancer
 10390 | D:10     | Noticed an orc knight
 10390 | D:10     | Noticed a deep elf pyromancer
 10412 | D:10     | Found a runed translucent door.
 10412 | D:10     | Found a runed translucent door.
 10412 | D:10     | Noticed a white ugly thing
 10412 | D:10     | Noticed a five-headed hydra
 10412 | D:10     | Noticed a manticore
 10412 | D:10     | Noticed a yaktaur captain
 10412 | D:10     | Noticed a boulder beetle
 10538 | D:10     | Noticed a two-headed ogre
 10557 | D:10     | Killed a two-headed ogre
 10702 | D:10     | Reached skill level 13 in Spellcasting
 10899 | D:10     | Noticed a two-headed ogre
 10930 | D:10     | Killed a two-headed ogre
 10931 | D:10     | Reached XP level 12. HP: 104/105 MP: 21/29
 11147 | D:11     | Noticed a two-headed ogre
 11152 | D:11     | Killed a two-headed ogre
 11347 | D:11     | Offered knowledge of Scorch by Vehumet.
 11909 | D:12     | Found Kaggusus's General Store.
 11956 | D:12     | Reached skill level 5 in Alchemy
 12030 | D:12     | Reached *** piety under Vehumet
 12519 | Lair:1   | Entered Level 1 of the Lair of Beasts
 12568 | D:9      | Reached skill level 14 in Spellcasting
 12628 | Lair:1   | Noticed a boulder beetle
 12631 | D:9      | Offered knowledge of Fulminant Prism by Vehumet.
 12728 | D:9      | Learned a level 4 spell: Fulminant Prism
 12785 | Orc:1    | Entered Level 1 of the Orcish Mines
 12841 | Orc:1    | Noticed Urug
 12933 | D:9      | Slain by a cane toad

Illustrated notes

Levels and vault maps discovered:
D:1:      minmay_arrival_open_corners, layout_rooms, serial_shops, shop
D:2:      layout_basic, basic_altar, grunt_ministairs_1
D:3:      layout_basic, serial_glass, glass_columns_c, glass_columns_b
D:4:      minmay_goblin_kobold_castle, layout_layer_cave, roderic_roman_lattice,
          st_stairs_11, minmay_box_of_dots
D:5:      kennysheep_spiral_hall, layout_rooms, tso_metal_star
D:6:      layout_gridville, serial_glass, glass_columns_b, glass_columns_a,
          glass_columns_c, glass_columns_a, glass_columns_c, glass_columns_a,
          glass_columns_c, glass_columns_a, glass_columns_a, glass_columns_b,
          glass_columns_b, glass_columns_b, glass_columns_a, glass_columns_b,
          feat_on_display
D:7:      layout_basic, nicolae_overflows_in_rows,
          minmay_temple_entry_offerings, mainiacjoe_ossuary_entry_dusty_tomb,
          grunt_ministairs_10, minmay_misc_feat_secret_circle,
          minmay_misc_feat_tiny, nicolae_figureground_pulse
D:8:      layout_rooms, uniq_jeremiah
D:9:      minmay_s_stair_smasher, layout_cave_pods, lair_entry_dummy,
          serial_shops, nicolae_shop_advertising_works
          [nicolae_subvault_shop_adworks], uniq_pikel
D:10:     minmay_the_grid_triangle_9x9_recursive_2_mashed
          [minmay_the_grid_triangle_9x9_prize_insulated,
          minmay_the_grid_triangle_9x9_fully_insulated_deathbox,
          minmay_the_grid_triangle_9x9_subtriangle,
          minmay_the_grid_triangle_9x9_intruding_spiral], layout_basic,
          orc_0_dummy, st_stairs_11
D:11:     layout_stronghold
D:12:     minmay_triangles_in_corner, layout_cave_pods, special_room
          [special_room_orc], serial_shops, shop
Temple:   nicolae_temple_godzebo
Lair:1:   layout_hall_layers, beast_lair_carwin_7, grunt_megastairs_5,
          infiniplex_staircase_pool, uniq_amaemon
Orc:1:    layout_caves, special_room [special_room_orc], uniq_urug

Skill      XL: |  1  2  3  4  5  6  7  8  9 10 11 12 |
---------------+-------------------------------------+-----
Conjurations   | 1 2 3 4 6 7 8 |  8.3
Air Magic      | 3 4 5 6 8 |  8.0
Spellcasting   | 3 4 5 7 9 11 13 14 | 14.3
Fighting       | 1 2 3 |  3.0
Dodging        | 2 3 4 6 7 8 |  8.1
Alchemy        | 2 4 5 |  5.6
Stealth        | |  1.4

Action                     |  1- 3 |  4- 6 |  7- 9 | 10-12 || total
---------------------------+-------+-------+-------+-------++-------
  Melee: Unarmed           |       |     1 |     3 |       ||     4
         Headbutt          |       |       |     1 |     1 ||     2
         Staff             |       |       |       |     5 ||     5
   Cast: Shock             |    47 |   153 |   297 |   286 ||   783
         Airstrike         |       |       |    26 |    81 ||   107
         Static Discharge  |       |       |    37 |    76 ||   113
         Mephitic Cloud    |       |       |       |    12 ||    12
         Irradiate         |       |       |       |     6 ||     6
         Fulminant Prism   |       |       |       |     2 ||     2
    Use: Scroll            |       |       |     5 |    12 ||    17
         Potion            |       |       |     1 |     1 ||     2
 Armour: Robe              |     9 |    35 |   147 |    60 ||   251
         Steam dragon scal |       |       |       |    71 ||    71
         Acid dragon scale |       |       |       |   138 ||   138
  Dodge: Dodged            |     6 |    24 |    73 |   137 ||   240
         Repelled          |       |     3 |    11 |    10 ||    24

Table legend: (Time is in decaauts)
 A = Elapsed time spent in this place.
 B = Non-inter-level travel time spent in this place.
 C = Inter-level travel time spent in this place.
 D = Time resting spent in this place.
 E = Time spent auto-exploring this place.
 F = Levels seen in this place.
 G = Mean time per level.
                   A        B        C        D        E       F      G
               +--------+--------+--------+--------+--------+-----+--------+
         Total |  12965 |  12127 |    838 |     70 |   9661 |  16 |  810.3 |
       Dungeon |  12519 |  11723 |    796 |     70 |   9440 |  12 | 1043.2 |
        Temple |     42 |      2 |     40 |      0 |      0 |   1 |   42.0 |
          Lair |     17 |     17 |      0 |      0 |      2 |   1 |   17.0 |
  Orcish Mines |     61 |     61 |      0 |      0 |     27 |   1 |   61.0 |
       Ossuary |    324 |    324 |      0 |      0 |    192 |   1 |  324.0 |
               +--------+--------+--------+--------+--------+-----+--------+

Top non-repeatable levels by time:
     D:4: 1953 daAuts
     D:9: 1797 daAuts
     D:3: 1107 daAuts
     D:2: 1083 daAuts
     D:1: 981 daAuts
    D:10: 963 daAuts
     D:7: 960 daAuts
     D:6: 913 daAuts
    D:11: 781 daAuts
     D:5: 751 daAuts
    D:12: 636 daAuts
     D:8: 590 daAuts
 Ossuary: 324 daAuts
   Orc:1: 61 daAuts
  Temple: 42 daAuts
